 Dungeon Crawl Stone Soup version 0.27.1-4-g1640c2035a (webtiles) character file.

Game seed: 17010007926624179399

43669 Gunterle the Cleaver (level 13, -14/111 HPs)
             Began as a Palentonga Berserker on Nov 12, 2021.
             Was a High Priest of Trog.
             Demolished by an ironbound frostheart (30 damage)
             ... in an ice cave.
             The game lasted 01:14:30 (17003 turns).

Gunterle the Cleaver (Palentonga Berserker)        Turns: 17003, Time: 01:14:30

Health: -14/111    AC: 20    Str: 25    XL:     13   Next: 92%
Magic:  13/13      EV: 13    Int:  9    God:    Trog [*****.]
Gold:   1186       SH:  0    Dex: 15    Spells: 12/12 levels left

rFire    + . .     SeeInvis +   I - +1 battleaxe (drain)
rCold    . . .     Faith    +   (shield currently unavailable)
rNeg     . . .     Spirit   .   i - +3 troll leather armour of Subjectivity {rF+ Regen+}
rPois    +         Reflect  .   (no helmet)
rElec    +         Harm     .   R - +1 cloak
rCorr    +         Rampage  .   D - +0 pair of gloves
Will     .....                  (no barding)
Stlth    +.........             n - amulet of faith
HPRegen  1.28/turn              r - ring of poison resistance
MPRegen  0.13/turn              U - ring of Pooqydd {rElec rCorr Dex+6}

@: frozen, curled up, very slow
A: large, rugged brown scales 3, see invisible, deformed body, roll 1, armoured
tail, reflexive curl
a: Rolling Charge, Renounce Religion, Berserk, Trog's Hand, Brothers in Arms


You were in an ice cave.
You worshipped Trog.
Trog was extremely pleased with you.
You visited 4 branches of the dungeon, and saw 17 of its levels.
You also visited: Sewer and Ice Cave.

You collected 2006 gold pieces.
You spent 820 gold pieces at shops.

Inventory:

Hand Weapons
 a - a +8 executioner's axe
 b - a +4 antimagic war axe
 c - a +5 battleaxe
 d - a +4 hand axe of freezing
 e - a +3 arbalest
 I - a +1 battleaxe of draining (weapon)
 J - a +1 dire flail of holy wrath
Missiles
 f - 359 bolts
 l - 16 boomerangs
 p - 13 arrows
 y - 5 datura-tipped darts
 C - 63 poisoned darts (quivered)
Armour
 i - the +3 troll leather armour of Subjectivity (worn) {rF+ Regen+}
   (You bought it in a shop on level 3 of the Dungeon)

   rF:        It protects you from fire.
   Regen:     It increases your rate of health regeneration.
 D - a +0 pair of gloves (worn)
 K - a +2 chain mail of willpower
 P - a +2 tower shield of cold resistance
 R - a +1 cloak (worn)
Jewellery
 n - an amulet of faith (around neck)
 r - a ring of poison resistance (left hand)
 z - a ring of flight
 E - the ring "Osywuj Atto" {rElec rF+ rN+ MP+9 Str-2}
   (You took it off a centaur warrior on level 11 of the Dungeon)

   [ring of magical power]

   Str:       It affects your strength (-2).
   rF:        It protects you from fire.
   rElec:     It insulates you from electricity.
   rN:        It protects you from negative energy.
   MP:        It affects your magic capacity (+9).
 G - a +6 ring of intelligence
 U - the ring of Pooqydd (right hand) {rElec rCorr Dex+6}
   (You found it on level 11 of the Dungeon)

   [ring of dexterity]

   Dex:       It affects your dexterity (+6).
   rElec:     It insulates you from electricity.
   rCorr:     It protects you from acid and corrosion.
Wands
 m - a wand of mindburst (18)
 q - a wand of digging (1)
 F - a wand of iceblast (7)
 Q - a wand of paralysis (3)
 T - a wand of flame (12)
Scrolls
 g - 6 scrolls of teleportation
 h - a scroll of acquirement {unknown}
 t - a scroll of summoning {unknown}
 w - a scroll of silence {unknown}
 x - a scroll of fog
 M - 2 scrolls of fear
 N - 3 scrolls of brand weapon {unknown}
 O - a scroll of noise {unknown}
 X - a scroll of magic mapping
 Y - a scroll of amnesia {unknown}
Potions
 j - 4 potions of lignification
 k - 7 potions of curing
 o - a potion of resistance {unknown}
 s - 2 potions of cancellation
 v - 5 potions of flight
 A - a potion of heal wounds
 B - 3 potions of might
 H - a potion of invisibility {unknown}
 L - a potion of ambrosia
 W - 3 potions of haste
Miscellaneous
 u - a box of beasts


   Skills:
 + Level 10.5 Fighting
 * Level 14.1 Axes
 + Level 8.7 Armour
 + Level 8.7 Dodging
 + Level 9.2 Evocations


You had 12 spell levels left.
You didn't know any spells.
Your spell library was empty.

Dungeon Overview and Level Annotations

Branches:
Dungeon (12/15)            Temple (1/1) D:4            Lair (2/6) D:10
  Snake (0/4) Lair:2          Orc (2/2) D:11            Elf (0/3) Orc:2
  Sewer (visited)           IceCv (1/1)
  Swamp: Lair:2-4    Shoals: Lair:2-4

Altars:
Ashenzari
Cheibriados
Dithmenos
Elyvilon
Fedhas
Gozag
Hepliaklqana
Kikubaaqudgha
Makhleb
Nemelex Xobeh
Okawaru
Qazlal
Ru
Sif Muna
Trog
Uskayaw
Vehumet
Wu Jian
Xom
Yredelemnul
Zin
The Shining One

Shops:
D:3 [   D:6 [   D:11 [(   Orc:2 *=:*


Innate Abilities, Weirdness & Mutations

You are completely covered in rugged brown scales. (AC +3, +7% HP)
You have supernaturally acute eyesight. (SInv)
Armour fits poorly on your strangely shaped body.
You can roll at nearby foes to attack.
You have a long armoured tail.
You curl defensively after being hit.


Message History

Trog accepts your kill.
No target in view!
You sense an unholy aura.
I - a +1 battleaxe of draining (weapon)
A wolf comes into view.
The wolf bites you but does no damage.
You barely miss the wolf.
Your tail-slap misses the wolf.
The wolf bites you! The wolf closely misses you.
You closely miss the wolf.
You tail-slap the wolf, but do no damage.
The wolf bites you but does no damage.
An ironbound frostheart comes into view.
You slash the ironbound frostheart! You drain the ironbound frostheart.
The ironbound frostheart is moderately wounded.
You hit the ironbound frostheart.
Your tail-slap misses the ironbound frostheart.
The ironbound frostheart is moderately wounded.
The ironbound frostheart closely misses you.
You barely miss the ironbound frostheart.
You tail-slap the ironbound frostheart!
The ironbound frostheart is heavily wounded.
The ironbound frostheart calls freezing cold from the walls.
The frost grips you!!
You are encased in ice.
You hear a bellow!
You barely miss the ironbound frostheart.
The ironbound frostheart is heavily wounded.
You hear a bellow!
The ironbound frostheart touches you! The ironbound frostheart freezes you!!
You barely miss the ironbound frostheart.
You tail-slap the ironbound frostheart.
The ironbound frostheart is heavily wounded.
The ironbound frostheart touches you. The ironbound frostheart freezes you!!
* * * LOW HITPOINT WARNING * * *
Unknown command.
Your deep troll goes berserk!
The ironbound frostheart touches you!
* * * LOW HITPOINT WARNING * * *
The ironbound frostheart freezes you!!
You die...

≈≈≈..#.#
≈≈≈##..##### ##
###....###
###....#...##
##.....####..#
##.....#####..#
....######...##
### ...##
#.....###pT#
.### ##:.)#.#@#
########
######.##
†##....### ###
#....#...###
#######....###
## ####...## §§
##...##.# ##
##.....# .#
##..⌠..#.#


You could see an ironbound frostheart (drained, ally target) and a friendly deep
troll (summoned, berserk).

Vanquished Creatures
  Harold (D:9)
  A boulder beetle (D:11)
  A hydra (D:11)
  A death knight (D:11)
  A centaur warrior (D:11)
  2 death yaks (IceCv)
  4 two-headed ogres
  An orc high priest (Orc:2)
  Nergalle (Lair:1)
  A deep elf pyromancer (D:12)
  A necromancer (D:11)
  2 manticores (D:11)
  2 oklob plants (Lair:1)
  3 ugly things
  4 cyclopes
  An ice statue (IceCv)
  A black mamba (Lair:1)
  Maurice (Orc:1)
  A gargoyle (D:5)
  2 unseen horrors
  2 cane toads (Lair:1)
  A rime drake (IceCv)
  Psyche (D:11)
  A kobold demonologist (D:12)
  9 komodo dragons (Lair:1)
  7 trolls
  5 polar bears (IceCv)
  5 slime creatures (D:12)
  2 wyverns (D:10)
  A shadow (D:10)
  A wraith (D:12)
  52 yaks
  4 basilisks
  A steam dragon (D:10)
  Menkaure (D:6)
  A warg (Orc:2)
  Edmund (D:5)
  9 water moccasins
  An acid dragon (D:12)
  23 orc warriors
  3 black bears
  2 hornet zombies
  8 ogres
  21 wolves
  2 necrophages
  A phantom (D:3)
  24 centaurs
  A kobold brigand (D:9)
  2 bullfrogs
  A wyvern zombie (D:6)
  A scorpion (D:5)
  A wyvern skeleton (D:6)
  6 killer bees (D:7)
  17 wights
  A howler monkey (D:6)
  3 centaur zombies
  2 hounds (D:4)
  2 jellies
  9 orc priests
  A bullfrog skeleton (D:6)
  A gnoll shaman (D:8)
  Jessica (D:3)
  An iguana (D:5)
  17 orc wizards
  4 polar bear simulacra (D:11)
  2 yak simulacra (D:11)
  3 wolf simulacra (D:11)
  A hound skeleton (D:5)
  2 howler monkey zombies (D:11)
  8 gnolls
  6 adders
  A shadow imp (D:6)
  13 white imps
  2 ufetubi
  11 worms
  2 dart slugs
  63 orcs
  11 ball pythons
  11 endoplasms
  4 giant cockroaches
  11 goblins
  8 hobgoblins
  7 jackals
  4 quokkas
  12 bats
  4 frilled lizards
  10 kobolds
  8 rats
  2 river rat simulacra (D:11)
498 creatures vanquished.

Vanquished Creatures (collateral kills)
  A hydra (D:11)
  Erolcha (D:11)
  An orc knight (Orc:2)
  A manticore (D:11)
  A vampire (D:10)
  An acid dragon (D:11)
  4 orc warriors (Orc:2)
  2 centaurs
  4 orcs
16 creatures vanquished.

Vanquished Creatures (others)
  2 orcs (Orc:2)
  6 fungi
  20 plants
  3 withered plants (D:3)
31 creatures vanquished.

Grand Total: 545 creatures vanquished

Notes
Turn   | Place    | Note
-------+----------+-------------------------------------------
     0 | D:1      | Gunterle the Palentonga Berserker began the quest for the
                  | Orb.
     0 | D:1      | Reached XP level 1. HP: 19/19 MP: 1/1
    40 | D:1      | Reached XP level 2. HP: 16/25 MP: 2/2
   519 | D:1      | You fall into a shaft and drop 1 floor!
   579 | D:2      | Reached ** piety under Trog
   674 | D:2      | Reached XP level 3. HP: 31/31 MP: 3/3
  1262 | D:2      | Reached XP level 4. HP: 37/37 MP: 4/4
  1278 | D:2      | Reached skill level 4 in Axes
  1805 | D:3      | Reached *** piety under Trog
  1884 | D:3      | Reached skill level 1 in Evocations
  1884 | D:3      | Noticed Jessica
  1893 | D:3      | Killed Jessica
  1894 | D:3      | Reached XP level 5. HP: 19/43 MP: 5/5
  1956 | D:3      | Found a glowing drain.
  1992 | Sewer    | Entered a sewer
  2692 | D:3      | Found Uxeryggi's Antique Armour Shoppe.
  2867 | D:3      | Reached **** piety under Trog
  2877 | D:3      | Found a faded altar of an unknown god.
  3165 | D:3      | Noticed a phantom
  3174 | D:3      | Killed a phantom
  3175 | D:3      | Reached XP level 6. HP: 45/51 MP: 6/6
  4053 | D:4      | Found a staircase to the Ecumenical Temple.
  4065 | Temple   | Entered the Ecumenical Temple
  4222 | D:4      | Reached skill level 5 in Axes
  5091 | D:5      | Entered Level 5 of the Dungeon
  5178 | D:5      | Gained mutation: You curl defensively after being hit.
                  | [Palentonga growth]
  5178 | D:5      | Reached XP level 7. HP: 58/58 MP: 7/7
  5423 | D:5      | Reached skill level 6 in Axes
  5576 | D:5      | Noticed a gargoyle
  5586 | D:5      | Killed a gargoyle
  5587 | D:5      | Reached skill level 5 in Fighting
  5587 | D:5      | Reached XP level 8. HP: 63/66 MP: 8/8
  5731 | D:5      | Noticed Edmund
  5740 | D:5      | Killed Edmund
  5996 | D:6      | Found Syurant's Armour Shoppe.
  6201 | D:6      | Reached skill level 7 in Axes
  6796 | D:6      | Reached XP level 9. HP: 73/73 MP: 9/9
  6812 | D:6      | Noticed Menkaure
  6820 | D:6      | Killed Menkaure
  7258 | D:7      | Found a hide-covered altar of Uskayaw.
  7475 | D:7      | Reached skill level 8 in Axes
  8025 | D:8      | Noticed a white ugly thing
  8040 | D:8      | Killed a white ugly thing
  8411 | D:8      | Reached skill level 5 in Evocations
  8413 | D:8      | Reached skill level 5 in Dodging
  8518 | D:8      | Reached skill level 5 in Armour
  8585 | D:8      | Reached ***** piety under Trog
  8593 | D:8      | Reached skill level 9 in Axes
  8661 | D:8      | Reached XP level 10. HP: 82/82 MP: 10/10
  9092 | D:9      | Noticed a two-headed ogre
  9105 | D:9      | Killed a two-headed ogre
  9136 | D:9      | Noticed Harold
  9144 | D:9      | Killed Harold
  9699 | D:10     | Entered Level 10 of the Dungeon
  9711 | D:9      | Reached skill level 10 in Axes
  9772 | D:9      | Received a gift from Trog
 10035 | D:10     | Reached XP level 11. HP: 89/89 MP: 11/11
 11032 | D:10     | Found a staircase to the Lair.
 11178 | D:3      | Bought a distressingly furry troll leather armour for 520
                  | gold pieces
 11178 | D:3      | Identified the +3 troll leather armour of Subjectivity {rF+
                  | Regen+} (You bought it in a shop on level 3 of the Dungeon)
 11593 | D:11     | Reached skill level 11 in Axes
 11593 | D:11     | Noticed a two-headed ogre
 11612 | D:10     | Killed a two-headed ogre
 11646 | D:11     | Noticed Psyche
 11666 | D:11     | Killed Psyche
 11750 | D:11     | Noticed Erolcha
 11755 | D:11     | Killed Erolcha
 11943 | D:11     | Noticed a two-headed ogre
 11958 | D:11     | Killed a two-headed ogre
 12021 | D:11     | Identified the ring "Yshidox" {rElec Will- MP+9 Slay+2
                  | SInv}
 12021 | D:11     | Noticed a death knight
 12027 | D:11     | Killed a death knight
 12035 | D:11     | Noticed a seven-headed hydra
 12038 | D:11     | Killed a seven-headed hydra
 12159 | D:11     | Noticed a boulder beetle
 12178 | D:11     | Killed a boulder beetle
 12179 | D:11     | Reached XP level 12. HP: 100/100 MP: 4/12
 12209 | D:11     | Found Kedyl's Weapon Shoppe.
 12230 | D:11     | Found a staircase to the Orcish Mines.
 12236 | D:11     | Found Gergh's Armour Shoppe.
 12323 | D:11     | Noticed an eight-headed hydra
 12331 | D:11     | Killed an eight-headed hydra
 12337 | D:11     | Reached skill level 12 in Axes
 12482 | D:11     | Identified the ring "Osywuj Atto" {rElec rF+ rN+ MP+9
                  | Str-2}
 12482 | D:11     | Noticed a centaur warrior
 12490 | D:11     | Killed a centaur warrior
 12562 | D:11     | Identified the ring of Pooqydd {rElec rCorr Dex+6}
 12571 | D:11     | Identified the amulet "Teobox Wott" {Fragile rC+ Regen+
                  | MP+9 Dex+5}
 12720 | D:12     | Noticed a two-headed ogre
 12727 | D:12     | Killed a two-headed ogre
 13465 | Orc:1    | Entered Level 1 of the Orcish Mines
 13589 | Orc:2    | Entered Level 2 of the Orcish Mines
 14369 | Orc:2    | Reached skill level 13 in Axes
 14511 | Orc:1    | Noticed an orc high priest
 14525 | Orc:2    | Killed an orc high priest
 14526 | Orc:2    | Reached XP level 13. HP: 109/109 MP: 4/13
 14765 | Orc:1    | Noticed Maurice
 14776 | Orc:1    | Killed Maurice
 15042 | Orc:2    | Found a staircase to the Elven Halls.
 15315 | Orc:2    | Found Itipsow's Jewellery Boutique.
 15315 | Orc:2    | Found Rengayb's Book Emporium.
 15317 | Orc:2    | Found Ynoateaw's General Store.
 15319 | Orc:2    | Found Gila's Assorted Antiques.
 15324 | Orc:2    | Bought a scroll labelled ICLURETY NAGI for 25 gold pieces
 15324 | Orc:2    | Bought a scroll of identify for 50 gold pieces
 15324 | Orc:2    | Bought a scroll labelled QAAGOIDEASS for 25 gold pieces
 15324 | Orc:2    | Bought a scroll labelled ICLURETY NAGI for 25 gold pieces
 15329 | Orc:2    | Bought a potion of heal wounds for 75 gold pieces
 15544 | Orc:2    | Bought a shiny ivory wand for 100 gold pieces
 15731 | Lair:1   | Entered Level 1 of the Lair of Beasts
 16008 | Lair:1   | Reached skill level 10 in Fighting
 16316 | Lair:1   | Noticed Nergalle
 16323 | Lair:1   | Killed Nergalle
 16323 | Lair:1   | Received a gift from Trog
 16407 | Lair:1   | You fall into a shaft and drop 1 floor!
 16417 | Lair:2   | Found a frozen archway.
 16440 | IceCv    | Entered an ice cave
 16694 | IceCv    | Reached skill level 14 in Axes
 17003 | IceCv    | Demolished by an ironbound frostheart

Illustrated notes

Levels and vault maps discovered:
D:1:      psy_arrival_whirlpool, layout_basic, serial_glass, glass_columns_b,
          glass_columns_c, minmay_tetromino_l4
D:2:      layout_rooms
D:3:      layout_basic, serial_shops, shop, cheibrodos_sewer_entry_bend,
          ebering_ecumenical_altar_petrified, uniq_jessica
D:4:      layout_layer_cave, minmay_temple_entry_antechambers,
          kennysheep_cross_bottleneck
D:5:      layout_rooms, minivault_27, uniq_edmund
D:6:      layout_loops_ring, serial_shops, nicolae_shop_behind_doors,
          uniq_menkaure
D:7:      layout_loops_ring, amcnicky_altar_gilded
D:8:      layout_cave_pools, special_room [special_room_orc]
D:9:      layout_roguey, uniq_harold
D:10:     layout_cross, minmay_lair_entry_grove
D:11:     minmay_the_grid_triangle_9x9_rhombus_thin_mashed
          [minmay_the_grid_triangle_9x9_zippers_horizontal,
          minmay_the_grid_triangle_9x9_prize_special,
          minmay_the_grid_triangle_9x9_checkered,
          minmay_the_grid_triangle_9x9_wacky_v], layout_long_grid, orc_david_3,
          serial_rivers, chequers_serial_rivers_micro_d,
          chequers_serial_rivers_room_a, chequers_serial_rivers_micro_c,
          chequers_serial_rivers_micro_d, chequers_serial_rivers_large_b,
          chequers_serial_rivers_room_b, eino_house_with_fridge, uniq_erolcha,
          uniq_psyche
D:12:     layout_cave_pools
Temple:   kilobyte_greek_temple
Lair:1:   layout_chaotic_city, cheibrodos_lair_caveside_slide,
          beast_lair_carwin_7, serial_bayou_shore_b, minmay_lair_oklob_chamber,
          uniq_nergalle
Lair:2:   layout_chaotic_city, guppyfry_snake_entry_garden,
          portal_ice_cave_entry_imps, st_stairs_3, serial_bayou_pond_e
Orc:1:    layout_diamond_mine, abandoned_shop, nicolae_orc_tapped_out,
          uniq_maurice
Orc:2:    st_orc_rangers, layout_caves
IceCv:    ice_cave_caverns_01

Skill      XL: |  1  2  3  4  5  6  7  8  9 10 11 12 13 |
---------------+----------------------------------------+-----
Dodging        | 2 3 4 5 6 7 8 |  8.7
Armour         | 2 3 4 5 6 7 8 |  8.7
Axes           | 4 5 6 7 9 10 11 13 14 | 14.1
Evocations     | 1 2 3 4 5 6 7 8 9 |  9.2
Fighting       | 4 5 6 7 8 9 10 | 10.5

Action                   |  1- 3 |  4- 6 |  7- 9 | 10-12 | 13-15 || total
-------------------------+-------+-------+-------+-------+-------++-------
Melee: Hand axe          |    80 |   289 |   242 |   228 |       ||   839
       Tailslap          |     9 |    35 |    31 |   101 |    74 ||   250
       War axe           |       |       |    19 |   254 |    96 ||   369
       Unarmed           |       |       |       |    13 |       ||    13
       Flail             |       |       |       |     7 |       ||     7
       Battleaxe         |       |       |       |       |   285 ||   285
Throw: Stone             |     2 |       |       |       |       ||     2
       Dart              |       |       |    36 |    29 |     8 ||    73
       Javelin           |       |       |    16 |     3 |       ||    19
       Throwing net      |       |       |     2 |     1 |       ||     3
       Boomerang         |       |       |       |     3 |       ||     3
Invok: Berserk           |     5 |     7 |    13 |    23 |     8 ||    56
       Trog's Hand       |       |     2 |     7 |     6 |     3 ||    18
       Brothers in Arms  |       |       |       |    11 |     1 ||    12
 Abil: Rolling Charge    |     7 |    23 |    12 |    29 |    20 ||    91
Evoke: Wand              |       |       |     4 |    23 |     2 ||    29
  Use: Scroll            |       |     8 |     5 |    11 |     3 ||    27
       Potion            |       |     1 |     2 |     1 |     1 ||     5
 Stab: Sleeping          |       |       |       |       |     2 ||     2
Armor: Animal skin       |     5 |       |       |       |       ||     5
       Ring mail         |     6 |   103 |    70 |    36 |       ||   215
       Leather armour    |    23 |     6 |       |       |       ||    29
       Troll leather arm |       |       |       |   274 |   138 ||   412
Dodge: Dodged            |    36 |   124 |   121 |   434 |   270 ||   985
